 Dungeon Crawl Stone Soup version 0.22.0-2-ge58baed0e8 (webtiles) character file.

668 Jorund the Chopper (level 7, -1/53 HPs)
             Began as a Demonspawn Gladiator on Aug 13, 2018.
             Shot with an arrow by a centaur (9 damage)
             ... on level 5 of the Dungeon.
             The game lasted 00:09:15 (4537 turns).

Jorund the Chopper (Demonspawn Gladiator)           Turns: 4537, Time: 00:09:16

Health: -1/53      AC:  4    Str: 16    XL:     7   Next: 32%
Magic:  7/7        EV: 12    Int: 10    God:
Gold:   216        SH:  0    Dex: 14    Spells: 6/6 levels left

rFire    + . .     SeeInvis .   a - +1 war axe
rCold    . . .     Gourm    .   (no shield)
rNeg     + + .     Faith    .   b - +0 leather armour
rPois    .         Spirit   .   o - +0 hat
rElec    .         Reflect  .   (no cloak)
rCorr    .         Harm     .   (no gloves)
MR       .....                  t - +0 pair of boots
Stlth    +.........             (no amulet)
HPRegen  0.17/turn              j - ring of positive energy
MPRegen  0.10/turn              k - ring of positive energy

@: no status effects
A: antennae 1, claws 2, fire resistance 1
a: no special abilities


You were on level 5 of the Dungeon.
You were not hungry.

You visited 1 branch of the dungeon, and saw 5 of its levels.

You collected 216 gold pieces.

Inventory:

Hand Weapons
 a - a +1 war axe (weapon)
 u - a +0 blowgun
Missiles
 d - 2 throwing nets (quivered)
 v - 6 curare-tipped needles
Armour
 b - a +0 leather armour (worn)
 c - a +1 helmet
 o - a +0 hat (worn)
 t - a +0 pair of boots (worn)
Jewellery
 j - a ring of positive energy (left claw)
 k - a ring of positive energy (right claw)
Wands
 s - a wand of random effects (17)
Scrolls
 h - 2 scrolls of amnesia
 p - 5 scrolls of teleportation
 q - a scroll of immolation {unknown}
 r - 3 scrolls of remove curse
Potions
 e - a potion of ambrosia {unknown}
 g - a potion of flight
 i - a potion of agility {unknown}
 l - 2 potions of curing {unknown}
 n - a potion of berserk rage
Comestibles
 f - 9 rations


   Skills:
 + Level 3.9 Fighting
 + Level 6.3 Axes
 - Level 1.7 Throwing
 + Level 2.9 Armour
 - Level 2.6 Dodging


You had 6 spell levels left.
You didn't know any spells.
Your spell library was empty.

Dungeon Overview and Level Annotations

Branches:
Dungeon (5/15)
 Temple: D:4-7

Altars:
Dithmenos
Elyvilon
Hepliaklqana
Kikubaaqudgha
Nemelex Xobeh
Xom
Yredelemnul
Zin
The Shining One


Innate Abilities, Weirdness & Mutations

You have a pair of small antennae on your head.
You have very sharp fingernails.
Your flesh is heat resistant. (rF+)


Message History

* * * LOW HITPOINT WARNING * * *
You slash the iguana!
You kill the iguana!
You closely miss the bullfrog zombie. The bullfrog zombie hits you.
* * * LOW HITPOINT WARNING * * *
Unknown command.
You hit the bullfrog zombie.
You destroy the bullfrog zombie!
A centaur comes into view.
The centaur wields a shortbow.
The centaur shoots an arrow.
The arrow barely misses you.
You see here an arrow.
The centaur shoots an arrow.
The arrow closely misses you.
The centaur shoots an arrow.
The arrow closely misses you.
Things that are here:
2 arrows; 16 gold pieces
As you read the scroll of fog, it crumbles to dust.
The scroll dissolves into smoke.
The centaur shoots an arrow.
The arrow hits you!
You die...

# =.. #.# ##### ######.#
# ..... ......######.##
...########......§......
.....##........§§§......
.....##.......§§@§§.....
.....##........§§§.....c
.....##.......§.§.......
.....##.................
...........##.#######.#.
##.#.......##..# #
#.#.......#.....
#.#.......#.....#
#.#.......#.....#


You could see a centaur.

Vanquished Creatures
  A crimson imp (D:3)
  A bullfrog zombie (D:5)
  A bullfrog skeleton (D:5)
  2 orc priests
  A hound (D:4)
  4 iguanas
  Natasha (thrice) (D:2 D:4)
  4 worker ants
  5 gnolls
  6 adders
  A shadow imp (D:5)
  An adder skeleton (D:4)
  A worm (D:3)
  2 dart slugs
  2 leopard geckos (D:1)
  9 orcs
  3 ball pythons
  4 bats
  4 giant cockroaches
  7 goblins
  9 hobgoblins
  13 jackals
  5 kobolds
  A quokka (D:4)
  4 frilled lizards
  A quokka skeleton (D:5)
  9 rats
104 creatures vanquished.

Notes
Turn   | Place    | Note
-------+----------+-------------------------------------------
     0 | D:1      | Jorund the Demonspawn Gladiator began the quest for the Orb.
     0 | D:1      | Reached XP level 1. HP: 16/16 MP: 1/1
    44 | D:1      | Reached skill level 3 in Axes
    47 | D:1      | Gained mutation: Your flesh is heat resistant. (rF+) [demonic ancestry]
    47 | D:1      | Reached XP level 2. HP: 22/22 MP: 2/2
   395 | D:1      | Reached XP level 3. HP: 28/28 MP: 3/3
   660 | D:2      | Found an ancient bone altar of Kikubaaqudgha.
   676 | D:2      | Noticed Natasha
   682 | D:2      | Killed Natasha
   682 | D:2      | Reached skill level 1 in Armour
   874 | D:2      | Noticed Natasha
   885 | D:2      | Killed Natasha
   885 | D:2      | Reached skill level 4 in Axes
   885 | D:2      | Reached XP level 4. HP: 25/34 MP: 4/4
  1061 | D:2      | Found a shimmering altar of Xom.
  1818 | D:2      | Found a shadowy altar of Dithmenos.
  1967 | D:3      | Gained mutation: You have sharp fingernails. [demonic ancestry]
  1967 | D:3      | Reached XP level 5. HP: 22/40 MP: 5/5
  2008 | D:3      | Found a basalt altar of Yredelemnul.
  2756 | D:3      | Found a hazy altar of Hepliaklqana.
  3047 | D:3      | Found a sparkling altar of Nemelex Xobeh.
  3071 | D:3      | Found a glowing silver altar of Zin.
  3071 | D:3      | Found a glowing golden altar of the Shining One.
  3071 | D:3      | Found a white marble altar of Elyvilon.
  3261 | D:3      | Reached skill level 5 in Axes
  3427 | D:4      | Gained mutation: You have very sharp fingernails. [demonic ancestry]
  3427 | D:4      | Reached XP level 6. HP: 47/47 MP: 6/6
  3433 | D:4      | Noticed Natasha
  3442 | D:4      | Killed Natasha
  4073 | D:5      | Entered Level 5 of the Dungeon
  4248 | D:5      | Gained mutation: You have a pair of small antennae on your head. [demonic ancestry]
  4248 | D:5      | Reached XP level 7. HP: 46/53 MP: 7/7
  4326 | D:5      | Reached skill level 6 in Axes
  4537 | D:5      | Shot with an arrow by a centaur

Skill      XL: |  1  2  3  4  5  6  7 |
---------------+----------------------+-----
Axes           | 3 4 5 6 |  6.3
Armour         | 1 2 |  2.9
Fighting       | 3 |  3.9
Throwing       | |  1.7
Dodging        | |  2.6

Action                   |  1- 3 |  4- 6 |  7- 9 || total
-------------------------+-------+-------+-------++-------
Melee: War axe           |    71 |   237 |    31 ||   339
Throw: Throwing net      |     1 |       |       ||     1
  Use: Potion            |     1 |     2 |     1 ||     4
       Scroll            |       |    11 |     1 ||    12
 Stab: Sleeping          |       |     1 |       ||     1
       Distracted        |       |       |     1 ||     1
  Eat: Chunk             |       |    11 |     1 ||    12
Armor: Leather armour    |    23 |    73 |     4 ||   100
Dodge: Dodged            |    48 |   204 |    29 ||   281
